 Dungeon Crawl Stone Soup version 0.25-a0-322-g3677130cb1 (webtiles) character file.

Game seed: 14908598449976728901, levelgen mode: deterministic

165 Glalom the Charmwright (level 5, -6/26 HPs)
             Began as a Vine Stalker Skald on Dec 27, 2019.
             Mangled by Duvessa
             ... wielding a +6 short sword of venom
              (15 damage)
             ... on level 4 of the Dungeon.
             The game lasted 00:09:29 (4274 turns).

Glalom the Charmwright (Vine Stalker Skald)         Turns: 4274, Time: 00:09:29

Health: -6/26      AC:  7    Str: 14    XL:     5   Next: 46%
Magic:  0/9        EV: 11    Int: 14    God:
Gold:   228        SH:  0    Dex: 13    Spells: 2/8 levels left

rFire    . . .     SeeInvis .   a - +0 short sword
rCold    . . .     Gourm    .   (no shield)
rNeg     . . .     Faith    .   b - +0 leather armour
rPois    .         Spirit   +   (no helmet)
rElec    .         Reflect  .   (no cloak)
rCorr    .         Harm     .   h - +0 pair of gloves
MR       .....                  j - +2 pair of boots
Stlth    +.........             (no amulet)
HPRegen  0.48/turn              (no ring)
MPRegen  0.11/turn              (no ring)

@: lethally poisoned (-6 -> -13), shrouded, infused
A: fangs 2, regeneration 1, magic shield, antimagic bite, no potion heal 3, rot
immunity
a: no special abilities


You were on level 4 of the Dungeon.
You were not hungry.

You visited 1 branch of the dungeon, and saw 4 of its levels.

You collected 228 gold pieces.

Inventory:

Hand Weapons
 a - a +0 short sword (weapon)
Armour
 b - a +0 leather armour (worn)
 c - a cursed +0 ring mail
 h - a +0 pair of gloves (worn)
 j - a +2 pair of boots (worn)
Jewellery
 o - an uncursed amulet of regeneration {unknown}
 p - an uncursed amulet of the acrobat {unknown}
 s - an uncursed amulet of the acrobat {unknown}
Scrolls
 f - 2 scrolls of fog {unknown}
 g - 3 scrolls of amnesia {unknown}
 i - 3 scrolls of identify {unknown}
 k - 3 scrolls of remove curse {unknown}
 m - 2 scrolls of enchant weapon {unknown}
 r - a scroll of magic mapping {unknown}
Potions
 e - 3 potions of agility {unknown}
 l - 2 potions of cancellation {unknown}
 n - a potion of berserk rage {unknown}
 q - 2 potions of might {unknown}
Comestibles
 d - 7 rations


   Skills:
 - Level 1.7 Fighting
 - Level 1.7 Short Blades
 - Level 0.7 Armour
 - Level 1.5 Dodging
 - Level 2.1 Spellcasting
 + Level 2.3 Hexes
 + Level 4.8 Charms
 - Level 2.0 Translocations


You had 2 spell levels left.
You knew the following spells:

 Your Spells              Type           Power        Failure   Level  Hunger
a - Infusion              Chrm           ###.         4%          1    #......
b - Shroud of Golubria    Chrm/Tloc      ##....       11%         2    ###....
c - Spectral Weapon       Hex/Chrm       ##......     21%         3    ###....

Your spell library contained the following spells:

 Spells                   Type           Power        Failure   Level  Hunger
 Song of Slaying          Chrm           ###.....     6%          2    ###....
 Regeneration             Chrm/Necr      #.........   32%         3    ###....


Dungeon Overview and Level Annotations

Branches:
Dungeon (4/15)
 Temple: D:4-7

Altars:
Gozag
Makhleb
Wu Jian

Shops:
D:4 *

Annotations:
D:4 2 runed translucent doors, Duvessa; zyxw121's ghost, amateur MiBe


Innate Abilities, Weirdness & Mutations

You have extremely sharp teeth.
Your natural rate of healing is unusually fast.
When hurt, damage is shared between your health and your magic reserves.
Your bite disrupts and absorbs the magic of your enemies.
Potions cannot restore your health.
You are immune to rotting.


Message History

Duvessa shouts!
Duvessa goes berserk!
Duvessa hits you with a +6 short sword of venom!
You are poisoned.
Things that are here:
a +0 dagger; a +0 robe; the elf corpse of Dowan You feel sick.
You feel sick. Duvessa barely misses you.
Casting: Infusion (safe; 4% risk of failure)
Confirm with . or Enter, or press ? or * to list all spells.
Space distorts slightly along a thin shroud covering your body.
You feel sick.
Duvessa hits you with a +6 short sword of venom!
You are more poisoned.
You hit Duvessa. You bite Duvessa, but do no damage.
Duvessa is lightly wounded.
You feel sick. Duvessa misses you.
Duvessa hits you with a +6 short sword of venom!
Ouch! That really hurt!
You die...

###### ##..###
#....## #.....
#.....# ###.##
#.....# ####
#.....## ###..##
#.....## ##.....(
##......####..#####
#...#........## # .
##.@#####....##
....##..e# ###.##
.......)## ###
####.....# ######
###..... ......
#....... ......
#..###### ######
#..# #.## #


You could see Duvessa (berserk).

Vanquished Creatures
  Dowan (D:4)
  4 adders
  3 worms (D:2)
  3 dart slugs
  3 leopard geckos
  5 orcs
  6 giant cockroaches
  3 goblins
  7 hobgoblins
  8 kobolds
  4 quokkas
  3 bats
  2 frilled lizards
  A jackal skeleton (D:3)
  6 rats
59 creatures vanquished.

Notes
Turn   | Place    | Note
-------+----------+-------------------------------------------
     0 | D:1      | Glalom the Vine Stalker Skald began the quest for the Orb.
     0 | D:1      | Reached XP level 1. HP: 11/11 MP: 4/4
   411 | D:1      | Reached XP level 2. HP: 3/15 MP: 0/6
   981 | D:1      | Learned a level 2 spell: Shroud of Golubria
  1602 | D:2      | Reached XP level 3. HP: 12/18 MP: 1/7
  1628 | D:2      | Reached skill level 4 in Charms
  1689 | D:2      | Reached skill level 1 in Translocations
  1745 | D:2      | Learned a level 3 spell: Spectral Weapon
  1912 | D:2      | Found an ornate altar of the Wu Jian Council.
  2281 | D:2      | Reached skill level 1 in Hexes
  2281 | D:2      | Gained mutation: Your natural rate of healing is unusually
                  | fast. [Vine Stalker growth]
  2281 | D:2      | Reached XP level 4. HP: 20/23 MP: 5/8
  3736 | D:4      | Found an opulent altar of Gozag.
  3740 | D:4      | Found Gozag's Platinum Reserve.
  3801 | D:4      | Found a burning altar of Makhleb.
  3829 | D:4      | Reached XP level 5. HP: 21/26 MP: 1/9
  3987 | D:4      | Found a large runed translucent door.
  3987 | D:4      | Found a large runed translucent door.
  3991 | D:4      | Noticed zyxw121's ghost (amateur MiBe)
  4261 | D:4      | Noticed Dowan
  4269 | D:4      | Killed Dowan
  4269 | D:4      | Noticed Duvessa
  4274 | D:4      | Mangled by Duvessa

Levels and vault maps discovered:
D:1:      ebering_hopf_link, layout_loops_cross, serial_forest,
          infiniplex_forest_lined_room_, infiniplex_forest_clump_medium,
          infiniplex_forest_zigzag_2, infiniplex_forest_lined_2,
          infiniplex_forest_clump_C, infiniplex_forest_join,
          infiniplex_forest_straight_4
D:2:      layout_loops_ring, lemuel_round_altar
D:3:      layout_loops_corners
D:4:      layout_layer_cave, nicolae_overflow_crystal_walls,
          nicolae_gozag_zags_fifth_avenue, minmay_temple_entry_gardened_gates,
          first_ration, ebering_ghost_disaster_area, uniq_duvessa

Skill      XL: |  1  2  3  4  5 |
---------------+----------------+-----
Charms         | 4 |  4.8
Translocations | 1 2 |  2.0
Hexes          | 1 2 |  2.3
Fighting       | |  1.7
Short Blades   | |  1.7
Armour         | |  0.7
Dodging        | |  1.5
Spellcasting   | |  2.1

Action                   |  1- 3 |  4- 6 || total
-------------------------+-------+-------++-------
Melee: Short sword       |   114 |   105 ||   219
       Bite              |    24 |    24 ||    48
 Cast: Infusion          |    17 |    17 ||    34
       Shroud of Golubri |       |     2 ||     2
  Eat: Chunk             |     5 |     6 ||    11
Armor: Leather armour    |    35 |    30 ||    65
Dodge: Dodged            |    54 |    66 ||   120

Table legend:
 A = Non-vault XP
 B = Vault XP
 C = Vault XP percentage of total XP
 D = Non-vault monster count
 E = Vault monster count
 F = Vault count percentage of total count
                 A         B        C        D         E       F
            +---------+---------+-------+---------+---------+-------
      Total |     170 |      67 |  28.3 |      58 |       1 |   1.7
            +---------+---------+-------+---------+---------+-------
        D:1 |      27 |       0 |   0.0 |      15 |       0 |   0.0
        D:2 |      86 |       0 |   0.0 |      23 |       0 |   0.0
        D:3 |      40 |       0 |   0.0 |      14 |       0 |   0.0
        D:4 |      17 |      67 |  79.8 |       6 |       1 |  14.3
            +---------+---------+-------+---------+---------+-------
